 Dungeon Crawl Stone Soup version 0.25-a0-663-gace7076f2c (webtiles) character file.

Game seed: 17603259823657724881, levelgen mode: deterministic

8 kae the Ruffian (level 2, -3/23 HPs)
             Began as a Draconian Transmuter on Mar 25, 2020.
             Slain by a leopard gecko (5 damage)
             ... on level 1 of the Dungeon.
             The game lasted 00:00:35 (176 turns).

kae the Ruffian (Draconian Transmuter)               Turns: 176, Time: 00:00:36

Health: -3/23      AC:  4    Str: 12    XL:     2   Next: 0%
Magic:  4/5        EV: 12    Int: 13    God:
Gold:   25         SH:  0    Dex: 11    Spells: 4/5 levels left

rFire    . . .     SeeInvis .     - Unarmed
rCold    . . .     Gourm    .   (no shield)
rNeg     . . .     Faith    .   (armour unavailable)
rPois    .         Spirit   .   (helmet restricted)
rElec    .         Reflect  .   (no cloak)
rCorr    .         Harm     .   (no gloves)
MR       .....                  (boots currently unavailable)
Stlth    +.........             (no amulet)
HPRegen  0.07/turn              (no ring)
MPRegen  0.09/turn              (no ring)

@: appendage
A: unfitting armour, talons 3, cold-blooded, AC +4
a: End Transformation


You were on level 1 of the Dungeon.
You were not hungry.
You had grown temporary talons.
You visited 1 branch of the dungeon, and saw 1 of its levels.

You collected 25 gold pieces.

Inventory:

Missiles
 a - 12 arrows
Scrolls
 d - a scroll of teleportation {unknown}
 e - a scroll of amnesia {unknown}
Comestibles
 c - 2 rations


   Skills:
 - Level 1.1 Fighting
 - Level 1.7 Dodging
 * Level 3.3 Unarmed Combat
 + Level 2.1 Spellcasting
 + Level 2.2 Transmutations


You had 4 spell levels left.
You knew the following spells:

 Your Spells              Type           Power        Failure   Level  Hunger
a - Beastly Appendage     Tmut           #.....       11%         1    ##.....

Your spell library contained the following spells:

 Spells                   Type           Power        Failure   Level  Hunger
 Sticks to Snakes         Tmut           #.......     16%         2    ###....
 Spider Form              Tmut/Pois      #.........   43%         3    ####...
 Ice Form                 Ice/Tmut       #.......     85%         4    #####..
 Blade Hands              Tmut           #.........   96%         5    ######.


Dungeon Overview and Level Annotations

Branches:
Dungeon (1/15)

Altars:


Innate Abilities, Weirdness & Mutations

Your plain brown scales are hard. (AC +4)
You cannot fit into any form of body armour.
You are cold-blooded and may be slowed by cold attacks.
You have claws for feet.


Message History

The dart slug bites you but does no damage.
You hit the dart slug.
You kill the dart slug!
You have reached level 2!
A ball python comes into view.
You see here a ball python corpse.
A leopard gecko comes into view.
There is an open door here.
The leopard gecko hisses angrily.
You open the door.
The leopard gecko bites you but does no damage.
The hobgoblin hits you.
* * * LOW HITPOINT WARNING * * *
There is an open door here.
The leopard gecko bites you.
* * * LOW HITPOINT WARNING * * *
Casting: Beastly Appendage (safe; 11% risk of failure)
Confirm with . or Enter, or press ? or * to list all spells.
Your feet morph into talons.
The leopard gecko bites you.
You die...

#####.# ......#
......# ###
......# ..
..... #. ...
#.#####.# #####
#...gl@.# #....
##.###### #....
######'######
#....
#...........#
..# #....
#...........#
#.# #....
#...........#
#.# #....
#...........#
#.# #)##.
##...........##
#.# #†#
#8.....<.....8#
#.# #)#


You could see a leopard gecko and a hobgoblin.

Vanquished Creatures
  A dart slug (D:1)
  A ball python (D:1)
  2 hobgoblins (D:1)
  A bat (D:1)
  A frilled lizard (D:1)
6 creatures vanquished.

Notes
Turn   | Place    | Note
-------+----------+-------------------------------------------
     0 | D:1      | kae the Draconian Transmuter began the quest for the Orb.
     0 | D:1      | Reached XP level 1. HP: 16/16 MP: 3/3
   116 | D:1      | Reached XP level 2. HP: 2/23 MP: 3/5
   176 | D:1      | Slain by a leopard gecko

Levels and vault maps discovered:
D:1:      psy_arrival_statuary, layout_basic

Action                   || total
-------------------------++-------
Melee: Unarmed           ||    34
       Tailslap          ||     4
       Headbutt          ||     1
       Punch             ||     1
 Cast: Beastly Appendage ||     5
  Use: Potion            ||     1
Armor: Skin              ||    26
Dodge: Dodged            ||    41

Table legend:
 A = Non-vault XP
 B = Vault XP
 C = Vault XP percentage of total XP
 D = Non-vault monster count
 E = Vault monster count
 F = Vault count percentage of total count
                 A         B        C        D         E       F
            +---------+---------+-------+---------+---------+-------
      Total |      12 |       0 |   0.0 |       6 |       0 |   0.0
            +---------+---------+-------+---------+---------+-------
        D:1 |      12 |       0 |   0.0 |       6 |       0 |   0.0
            +---------+---------+-------+---------+---------+-------
